Map: King Sejong Station LE

Players

blackxored - Winner!

  • Race: Zerg Zerg
  • League: Platinum

TheJOKER

  • Race: Zerg Zerg
  • League: Platinum

VOD

Have the link to the VOD?

Description

Time

  • Played on: June 26, 2016, 5:59 p.m.
  • Length: 6:37
Show
View Real Time Build Order
Export as new Build Order

blackxored Zerg - Winner!

Build Orders: Hatch First 

Get SALT Encoding   

  12  0:01  Drone  
  13  0:09  Drone  
  14  0:17  Overlord  
  14  0:23  Extractor  
  14  0:24  Drone  
  15  0:38  Drone x2  
  17  0:53  Hatchery  
  17  0:57  Drone  
  17  0:59  Drone  
  18  1:13  Extractor  
  18  1:16  Spawning Pool  
  18  1:17  Drone  
  17  1:21  Drone  
  18  1:29  Drone  
  19  1:41  Overlord  
  19  1:50  Drone  
  20  2:03  Zergling x2, Queen  
  20  2:05  Queen  
  20  2:06  Zergling x2  
  26  2:12  Zergling x2  
  27  2:17  Baneling Nest, Spine Crawler  
  27  2:22  Drone  
  26  2:25  Zergling x2  
  26  2:29  Zergling x2  
  28  2:35  Spine Crawler  
  27  2:38  Zergling x2  
  28  3:04  Baneling x2  
  28  3:05  Baneling x2  
  27  3:22  Drone x6  
  27  3:25  Baneling x3  
  33  3:36  Overlord  
  33  3:48  Metabolic Boost  
  33  3:51  Drone x3  
  36  3:59  Zergling x2  
  36  4:00  Zergling x12  
  40  4:09  Drone x2  
  42  4:16  Drone  
  43  4:22  Drone  
  44  4:25  Overlord x2  
  44  4:28  Lair  
  44  4:43  Overlord  
  44  4:53  Drone x2  
  44  4:54  Drone x6  
  44  4:58  Extractor  
  44  4:59  Extractor  
  50  5:02  Drone  
  50  5:04  Drone x3  
  54  5:12  Extractor, Drone  
  54  5:15  Drone  
  55  5:39  Drone  
  55  5:41  Overlord, Spire  
  55  5:43  Overseer  
  54  5:56  Spine Crawler x2  
  52  5:57  Spine Crawler  
  52  5:58  Drone x4  
  52  5:59  Drone x2, Spine Crawler  
  52  6:00  Spine Crawler  
  55  6:07  Zergling x12  
Show
View Real Time Build Order
Export as new Build Order

TheJOKER Zerg 

Build Orders: Pool First 

Get SALT Encoding   

  12  0:00  Drone  
  13  0:09  Drone  
  14  0:16  Overlord  
  14  0:32  Extractor, Drone  
  14  0:40  Spawning Pool  
  13  0:51  Drone x2  
  13  0:55  Drone  
  16  1:28  Zergling x6, Queen  
  21  1:36  Metabolic Boost  
  21  1:39  Zergling x2  
  22  1:49  Overlord  
  22  1:56  Baneling Nest  
  22  2:00  Zergling x2  
  22  2:12  Zergling x2  
  23  2:28  Zergling x2  
  24  2:44  Hatchery  
  24  2:45  Baneling  
  24  2:47  Zergling x8  
  23  3:07  Drone x2  
  25  3:24  Baneling  
  25  3:28  Drone x2  
  27  3:35  Queen  
  29  3:41  Roach Warren  
  29  3:44  Drone  
  24  4:02  Drone x4  
  27  4:03  Drone  
  28  4:12  Extractor  
  28  4:13  Drone  
  28  4:19  Drone x2  
  30  4:26  Drone  
  31  4:33  Drone  
  31  4:38  Lair  
  32  4:42  Extractor  
  32  4:45  Drone x4  
  34  4:46  Drone  
  36  4:55  Overlord  
  36  4:59  Overlord  
  36  5:11  Overlord  
  36  5:15  Roach x2  
  36  5:16  Roach x2  
  46  5:21  Roach x3  
  46  5:22  Roach  
  52  5:33  Overlord  
  52  5:38  Roach  
  52  5:39  Roach x2  
  52  5:40  Roach  
  60  5:56  Hatchery  
  59  6:03  Zergling x2  
  61  6:04  Zergling x8  
  64  6:16  Overlord  
Tags
 
Add a new tag
Caveats
  • Supply blocks, unpowered buildings, or Contaminate may cause inaccurate times.
  • Supply counts are checked every 10 seconds.